 Dungeon Crawl Stone Soup version 0.19.1 (webtiles) character file.

35924 Firecrotchwizard the Warrior (level 13, -10/126 HPs)
             Began as a Minotaur Fighter on Dec 13, 2016.
             Was the Champion of Okawaru.
             Mangled by Rupert
             ... wielding a +1 great sword of electrocution
              (20 damage)
             ... on level 6 of the Lair of Beasts.
             The game lasted 00:48:27 (18115 turns).

Firecrotchwizard the Warrior (Minotaur Fighter)    Turns: 18115, Time: 00:48:28

Health: -10/126    AC: 26    Str: 22    XL:     13   Next: 50%
Magic:  14/14      EV:  6    Int:  5    God:    Okawaru [******]
Gold:   854        SH: 13    Dex: 17    Spells: 0 memorised, 12 levels left

rFire  . . .     SeeInvis +     R - +2 mace (protect)
rCold  . . .     Gourm    .     C - +0 plate armour
rNeg   . . .     Faith    +     c - +0 shield
rPois  +         Spirit   .     (helmet restricted)
rElec  .         Reflect  .     U - +0 cloak
rCorr  .         Harm     .     Y - +1 pair of gloves {Dex+3}
MR     .....                    (no boots)
Stlth  ..........               k - amulet of faith
                                M - ring of poison resistance
                                m - ring of see invisible

@: protection aura, very slightly contaminated, hasted, very quick
A: retaliatory headbutt, horns 2
a: Heroism, Finesse, Renounce Religion


You were on level 6 of the Lair of Beasts.
You worshipped Okawaru.
Okawaru was exalted by your worship.
You were very hungry.

You visited 3 branches of the dungeon, and saw 18 of its levels.

You collected 1153 gold pieces.
You spent 299 gold pieces at shops.

Inventory:

Hand Weapons
 y - a +1 whip of flaming
 B - a +4 flail of venom
 R - a +2 mace of protection (weapon)
Missiles
 w - 7 javelins of returning (quivered)
 S - 2 throwing nets
Armour
 c - a +0 shield (worn)
 C - a +0 plate armour (worn)
 U - a +0 cloak (worn)
 Y - a +1 pair of gloves of dexterity (worn)
Jewellery
 b - an uncursed ring of ice
 j - a +3 ring of dexterity
 k - an amulet of faith (around neck)
 m - a ring of see invisible (left hand)
 u - an uncursed ring of resist corrosion
 M - a ring of poison resistance (right hand)
 P - the amulet "Ceill" {RegenMP Dex+4}
   (You found it on level 10 of the Dungeon)

   [amulet of magic regeneration]

   It increases your magic regeneration.
   It affects your dexterity (+4).
Wands
 a - a wand of slowing (48/48)
 d - a wand of flame (10/48)
 v - a wand of flame (21/48)
 I - a wand of disintegration (17/24)
 J - a wand of teleportation (3/9)
 K - a wand of slowing (24/48)
 O - a wand of polymorph (13/24)
 T - a wand of polymorph (10/24)
Scrolls
 e - 10 scrolls of identify
 g - 3 scrolls of random uselessness
 o - a scroll of fear
 p - 8 scrolls of remove curse
 s - 5 scrolls of magic mapping
 z - 4 scrolls of blinking
 D - 3 scrolls of amnesia
 L - 5 scrolls of enchant weapon
 N - 2 scrolls of teleportation
 Q - 2 scrolls of enchant armour
 W - a scroll of fog
Potions
 i - a potion of haste
 l - a potion of curing
 n - a potion of cancellation {unknown}
 q - 2 potions of invisibility
 r - 5 potions of lignification
 t - a potion of ambrosia {unknown}
 x - 2 potions of cure mutation
 A - 4 potions of magic
 G - 2 potions of agility
 Z - 2 potions of flight
Books
 F - a book of Power

   Spells                             Type                      Level
   a - Fulminant Prism                Conjuration/Hexes            4
   b - Iskenderun's Mystic Blast      Conjuration                  4
   c - Venom Bolt                     Conjuration/Poison           5
   d - Bolt of Magma                  Conjuration/Fire/Earth       5
   e - Iron Shot                      Conjuration/Earth            6
   f - Orb of Destruction             Conjuration                  7
   g - Spellforged Servitor           Conjuration/Summoning        7
Miscellaneous
 V - a phantom mirror
Comestibles
 f - 10 bread rations
 h - 7 beef jerkies
 E - 12 fruits
 H - a meat ration
 X - 10 royal jellies


   Skills:
 * Level 15.0 Fighting
 * Level 14.7 Maces & Flails
 + Level 6.2 Throwing
 + Level 11.8 Armour
 + Level 11.5 Shields
 + Level 3.0 Evocations


You had 12 spell levels left.
You didn't know any spells.

Dungeon Overview and Level Annotations

Branches:
Dungeon (11/15)            Temple (1/1) D:5            Lair (6/6) D:10
  Swamp (0/4) Lair:3       Spider (0/4) Lair:3        Slime (0/5) Lair:5
    Orc: D:9-12

Altars:
Dithmenos
Gozag
Hepliaklqana
Nemelex Xobeh
Okawaru
Uskayaw
Xom
Yredelemnul
The Shining One

Shops:
D:5 [   D:10 (%(*

Annotations:
D:10 exclusions: obsidian statue and orange crystal statue
Lair:4 exclusion: oklob plant
Lair:5 exclusion: 2 oklob plants
Lair:6 Rupert


Innate Abilities, Weirdness & Mutations

You reflexively headbutt those who attack you in melee.
You have a pair of horns on your head.


Message History

Rupert is heavily wounded.
You hit Rupert but do no damage. You headbutt Rupert!
Rupert is severely wounded.
Rupert hits you but does no damage.
You hit Rupert but do no damage.
Rupert is severely wounded.
Rupert hits you but does no damage.
You are electrocuted!
* * * LOW HITPOINT WARNING * * *
You hit Rupert.
Rupert is severely wounded.
You sock Rupert! You headbutt Rupert.
Rupert is severely wounded.
Rupert hits you with a great sword of electrocution.
* * * LOW HITPOINT WARNING * * *
You sock Rupert!
Rupert is almost dead.
You thump Rupert!
Rupert is almost dead.
Rupert hits you with a great sword of electrocution!!
You die...

PP..#.......
(#...#.....# .#
P(..<..P...# ...
..(.P#PPP..# # ## ....
#.(...PP..####.#.##...#
###.†##†.†..P.##..#....#
#.#.#....†.............#
.....#......††..†......P
................@.......
............P....@?..P..
...........P##..###)P...
...........P###.# ....
.......<..PP# ..# ...
÷#...##....##.... ..
#.#..#.....# #.... .
#....#......##<.
..............


You could see Rupert (berserk).

Vanquished Creatures
  4 hydras
  Fannar (Lair:2)
  Harold (Lair:1)
  Sonja (Lair:1)
  2 hill giants
  Pikel (D:5)
  A deep elf mage (D:10)
  3 elephants (Lair:6)
  8 black mambas
  Joseph (D:8)
  A gargoyle (D:10)
  6 spiny frogs
  A rime drake (Lair:3)
  3 komodo dragons
  A queen bee (Lair:5)
  3 trolls
  3 meliai (Lair:5)
  A jumping spider (Lair:3)
  A hornet (Lair:3)
  A two-headed ogre (D:8)
  7 hippogriffs
  12 blink frogs
  4 dream sheep (Lair:4)
  A redback (Lair:3)
  Sigmund (D:2)
  The ghost of Weresquid the Ruffian, an amateur TrMo (D:4)
  30 yaks
  4 basilisks
  A wyvern (Lair:2)
  Eustachio (D:5)
  A hungry ghost (D:10)
  Menkaure (D:5)
  A steam dragon (D:9)
  Edmund (D:5)
  9 water moccasins
  12 porcupines
  Duvessa (D:5)
  2 ice beasts
  An orc warrior (D:10)
  2 phantoms
  3 sky beasts
  8 ogres
  8 wolves (Lair:2)
  2 necrophages
  3 centaurs
  13 crocodiles
  2 big kobolds (D:6)
  9 bullfrogs
  8 scorpions
  Dowan (D:5)
  34 killer bees
  5 wights
  An electric eel (Lair:2)
  2 centaur zombies (D:7)
  2 howler monkeys (D:10)
  7 crimson imps
  3 orc priests
  7 hounds
  3 jellies
  A centaur skeleton (D:9)
  4 iguanas
  7 worker ants
  8 orc wizards
  2 hound skeletons (D:10)
  A worker ant zombie (D:10)
  15 adders
  11 gnolls
  4 river rats (D:10)
  A shadow imp (D:10)
  4 adder skeletons
  A worm (D:2)
  6 leopard geckos
  20 orcs
  6 giant cockroaches
  6 goblins
  12 hobgoblins
  8 jackals
  6 quokkas
  6 bats
  6 frilled lizards
  A jackal zombie (D:5)
  12 kobolds
  2 quokka skeletons
  7 rats
  A plant (Lair:6)
416 creatures vanquished.

Vanquished Creatures (others)
  A slave (D:5)
  Blork the orc (D:5)
  A howler monkey (D:5)
  A hound (D:5)
  A worker ant zombie (D:5)
  3 gnolls (D:5)
  A shadow imp (D:5)
  2 jackals (D:5)
  A leopard gecko skeleton (D:5)
  A bush (D:10)
  10 fungi
  20 plants
43 creatures vanquished.

Grand Total: 459 creatures vanquished

Notes
Turn   | Place    | Note
-------+----------+-------------------------------------------
     0 | D:1      | Firecrotchwizard the Minotaur Fighter began the quest for the Orb.
     0 | D:1      | Reached XP level 1. HP: 19/19 MP: 0/0
   176 | D:1      | Reached XP level 2. HP: 20/26 MP: 1/1
   644 | D:2      | Reached XP level 3. HP: 30/33 MP: 2/2
   922 | D:2      | Noticed Sigmund
   928 | D:2      | Killed Sigmund
   928 | D:2      | Reached skill level 4 in Fighting
   928 | D:2      | Reached skill level 5 in Maces & Flails
   928 | D:2      | Reached XP level 4. HP: 22/41 MP: 3/3
   928 | D:2      | Reached XP level 5. HP: 25/47 MP: 4/4
  1131 | D:2      | You fall through a shaft!
  1231 | D:3      | Reached skill level 5 in Fighting
  1687 | D:3      | Reached XP level 6. HP: 53/56 MP: 5/5
  2485 | D:4      | Noticed Weresquid's ghost (amateur TrMo)
  2496 | D:4      | Killed Weresquid's ghost
  2496 | D:4      | Reached skill level 6 in Fighting
  2496 | D:4      | Reached skill level 5 in Armour
  2496 | D:4      | Reached skill level 5 in Shields
  2496 | D:4      | Reached XP level 7. HP: 63/63 MP: 6/6
  3294 | D:5      | Entered Level 5 of the Dungeon
  3294 | D:5      | Noticed Pikel
  3310 | D:5      | Killed Pikel
  3310 | D:5      | Reached skill level 7 in Fighting
  3310 | D:5      | Reached XP level 8. HP: 26/74 MP: 7/7
  3433 | D:5      | Killed Blork the orc
  3602 | D:5      | Noticed Dowan
  3603 | D:5      | Noticed Duvessa
  3612 | D:5      | Killed Dowan
  3632 | D:5      | Killed Duvessa
  3632 | D:5      | Reached skill level 8 in Fighting
  3947 | D:5      | Reached XP level 9. HP: 64/82 MP: 8/8
  4075 | D:5      | Reached skill level 9 in Fighting
  4152 | D:5      | Noticed Menkaure
  4163 | D:5      | Killed Menkaure
  4180 | D:5      | Noticed Eustachio
  4219 | D:5      | Killed Eustachio
  4793 | D:5      | Found a staircase to the Ecumenical Temple.
  4799 | D:5      | Found Cibletra's Armour Boutique.
  4808 | Temple   | Entered the Ecumenical Temple
  4834 | Temple   | Became a worshipper of Warmaster Okawaru
  4897 | D:5      | Noticed Edmund
  4909 | D:5      | Killed Edmund
  5000 | D:5      | Bought a +0 plate armour for 299 gold pieces
  5068 | D:5      | Found a shimmering altar of Xom.
  5657 | D:6      | Reached * piety under Okawaru
  5871 | D:6      | Reached skill level 10 in Fighting
  6378 | D:7      | Reached skill level 10 in Maces & Flails
  6687 | D:7      | Reached XP level 10. HP: 93/93 MP: 9/9
  6820 | D:7      | Reached ** piety under Okawaru
  7701 | D:8      | Noticed a hill giant
  7710 | D:8      | Killed a hill giant
  7710 | D:8      | Reached *** piety under Okawaru
  7710 | D:8      | Reached skill level 11 in Fighting
  7710 | D:8      | Reached skill level 1 in Throwing
  7847 | D:8      | Noticed Joseph
  7858 | D:8      | Killed Joseph
  8511 | D:9      | Found a shadowy altar of Dithmenos.
  8727 | D:9      | Reached **** piety under Okawaru
  9344 | D:10     | Entered Level 10 of the Dungeon
  9347 | D:10     | Noticed an obsidian statue
  9406 | D:10     | Found Qauxtaf's General Store.
  9458 | D:10     | Noticed a deep elf mage
  9459 | D:10     | Found Xixkyerhe's Weapon Emporium.
  9459 | D:10     | Noticed a hill giant
  9470 | D:10     | Killed a hill giant
  9470 | D:10     | Reached XP level 11. HP: 79/103 MP: 10/10
  9475 | D:10     | Noticed a sixfirhy
  9504 | D:10     | Killed a deep elf mage
  9820 | D:10     | Found Icelixt's Antique Weapon Shoppe.
 10221 | D:10     | Reached skill level 12 in Fighting
 10417 | D:10     | Reached ***** piety under Okawaru
 10629 | D:10     | Found a staircase to the Lair.
 10865 | D:10     | Got a smoking bronze amulet
 10866 | D:10     | Identified the amulet "Ceill" {RegenMP Dex+4} (You found it on level 10 of the Dungeon)
 10892 | D:10     | Found Ylau's Food Boutique.
 10944 | D:10     | Noticed an orange crystal statue
 11126 | Lair:1   | Entered Level 1 of the Lair of Beasts
 11126 | Lair:1   | Noticed Harold
 11126 | Lair:1   | Noticed Sonja
 11140 | Lair:1   | Killed Harold
 11140 | Lair:1   | Received a gift from Okawaru
 11140 | Lair:1   | Reached skill level 10 in Armour
 11144 | Lair:1   | Killed Sonja
 11454 | Lair:1   | Reached skill level 10 in Shields
 11468 | Lair:1   | Received a gift from Okawaru
 11750 | Lair:1   | Reached skill level 13 in Fighting
 11766 | Lair:1   | Reached XP level 12. HP: 36/115 MP: 11/11
 12642 | Lair:2   | Noticed Fannar
 12664 | Lair:2   | Killed Fannar
 12932 | Lair:2   | Received a gift from Okawaru
 13530 | Lair:2   | Reached skill level 5 in Throwing
 13799 | Lair:2   | Reached ****** piety under Okawaru
 14140 | Lair:3   | Received a gift from Okawaru
 14247 | Lair:3   | Reached skill level 14 in Fighting
 14394 | Lair:3   | Found a hole to the Spider Nest.
 14445 | Lair:3   | Received a gift from Okawaru
 14455 | Lair:3   | Reached skill level 1 in Evocations
 14608 | Lair:3   | Noticed a five-headed hydra
 14748 | Lair:3   | Killed a five-headed hydra
 14852 | Lair:3   | Found a staircase to the Swamp.
 15106 | Lair:3   | Received a gift from Okawaru
 15806 | Lair:4   | Reached XP level 13. HP: 100/125 MP: 13/13
 16300 | Lair:5   | Found a staircase to the Slime Pits.
 17543 | Lair:6   | Entered Level 6 of the Lair of Beasts
 17965 | Lair:6   | Received a gift from Okawaru
 17971 | Lair:6   | Reached skill level 15 in Fighting
 18079 | Lair:6   | Noticed Rupert
 18115 | Lair:6   | Mangled by Rupert

Skill      XL: |  1  2  3  4  5  6  7  8  9 10 11 12 13 |
---------------+----------------------------------------+-----
Maces & Flails | 3 5 6 7 8 10 11 12 14 | 14.7
Shields        | 4 5 6 8 9 10 11 | 11.5
Fighting       | 4 5 6 7 8 10 11 13 14 15 | 15.0
Armour         | 4 5 6 8 9 10 11 | 11.8
Throwing       | 2 4 5 6 |  6.2
Evocations     | 1 3 |  3.0

Action                   |  1- 3 |  4- 6 |  7- 9 | 10-12 | 13-15 || total
-------------------------+-------+-------+-------+-------+-------++-------
Melee: Flail             |    83 |   132 |   133 |   845 |   197 ||  1390
       Headbutt          |    16 |    22 |    84 |   195 |    70 ||   387
       Whip              |       |       |   191 |       |       ||   191
       Mace              |       |       |       |       |    39 ||    39
Throw: Tomahawk          |       |       |       |     2 |       ||     2
       Javelin           |       |       |       |     8 |     8 ||    16
Invok: Heroism           |       |       |       |     3 |       ||     3
  Use: Potion            |       |     1 |     4 |     7 |     2 ||    14
       Scroll            |       |       |    13 |    10 |     2 ||    25
  Eat: Chunk             |       |     5 |     8 |    22 |     2 ||    37
       Bread ration      |       |       |     1 |       |       ||     1
       Meat ration       |       |       |       |     2 |       ||     2
       Royal jelly       |       |       |       |     1 |     1 ||     2
       Fruit             |       |       |       |     1 |       ||     1
Armor: Scale mail        |    45 |    59 |    51 |       |       ||   155
       Plate armour      |       |       |    57 |   341 |    95 ||   493
Dodge: Dodged            |    31 |    37 |    61 |   153 |    44 ||   326
Block: Shield            |    52 |    81 |   146 |   461 |   135 ||   875
